 Dungeon Crawl Stone Soup version 0.15.1-3-g1b33baa (webtiles) character file.

372 Johnny the Chiller (level 6, 0/48 HPs)
             Began as a Demigod Ice Elementalist on Oct 5, 2014.
             Engulfed by their own freezing vapour (25 damage)
             ... on Level 4 of the Dungeon.
             The game lasted 00:11:52 (2949 turns).

Johnny the Chiller (Demigod Ice Elementalist)       Turns: 2949, Time: 00:11:52

HP   0/48        AC  6     Str 11      XL: 6   Next: 19%
MP  11/15        EV  9     Int 21      God:
Gold 228         SH  0     Dex 19      Spells:  2 memorised,  5 levels left

rFire  . . .     SeeInvis .     y - +0 dagger (venom)
rCold  . . .     Clarity  .     n - +1 ring mail
rNeg   . . .     rCorr    .     (no shield)
rPois  .         rRot     .     (no helmet)
rElec  .         Spirit   .     (no cloak)
SustAb .         Warding  .     (no gloves)
rMut   .         Stasis   .     (no boots)
Gourm  .                        (no amulet)
MR     .....                    (no ring)
                                (no ring)

@: very slightly contaminated, not resistant to hostile enchantments, unstealthy
A: no striking features
a: no special abilities


You were on level 4 of the Dungeon.
You were hungry.

You visited 1 branch of the dungeon, and saw 4 of its levels.

You collected 228 gold pieces.

Inventory:

Hand weapons
 e - a +0 club
 f - a +0 dagger
 y - a +0 dagger of venom (weapon)
 z - a +0 dagger of speed
Missiles
 w - 6 tomahawks (quivered)
Armour
 a - a +0 robe
 n - a +1 ring mail (worn)
Comestibles
 c - 5 bread rations
 s - a slice of pizza
 t - 2 chunks of hobgoblin flesh
 v - 4 meat rations
Scrolls
 h - a scroll of enchant armour
 j - a scroll of teleportation
 k - a scroll of immolation {unknown}
 l - 2 scrolls of identify {unknown}
 m - a scroll of fog {unknown}
 p - a scroll of amnesia {unknown}
 q - a scroll of fear {unknown}
 x - a scroll of enchant weapon {unknown}
 B - a scroll of recharging {unknown}
Jewellery
 o - an uncursed ring of poison resistance {unknown}
 r - a cursed -2 ring of protection {unknown}
Potions
 d - 4 potions of curing
 g - a potion of haste
 i - a potion of heal wounds {unknown}
 u - a potion of poison {unknown}
 A - 2 potions of mutation {unknown}
Books
 b - a book of Frost

   Spells                             Type                      Level
   *Freeze                            Ice                          1
   Throw Frost                        Conjuration/Ice              2
   Ozocubu's Armour                   Charms/Ice                   3
   Throw Icicle                       Conjuration/Ice              4
   *Summon Ice Beast                  Ice/Summoning                4
   Condensation Shield                Ice                          4


   Skills:
 * Level 2.2 Fighting
 + Level 1.2 Armour
 + Level 2.3 Dodging
 * Level 3.5 Stealth
 * Level 2.9 Spellcasting
   Level 0.8 Conjurations
 * Level 1.4 Summonings
 * Level 3.6 Ice Magic


You had 5 spell levels left.
You knew the following spells:

 Your Spells              Type           Power        Failure   Level  Hunger
a - Freeze                Ice            ###.         6%          1    None
b - Summon Ice Beast      Ice/Summ       ##......     82%         4    ####...


Dungeon Overview and Level Annotations

Branches:
Dungeon (4/15)
 Temple: D:4-7


Message History

Found a stone staircase leading up.
A jackal comes into view.
A jackal is nearby!
A jackal is nearby!
A jackal is nearby!
A jackal comes into view.
Found a stone staircase leading down.
A jackal comes into view.
The jackal barks!
Found a bread ration.
Casting: Freeze
Confirm with . or Enter, or press ? or * to list all spells.
You miscast Summon Ice Beast.
You are very lightly contaminated with residual magic.
Freezing gasses pour from your hands!
You are feeling hungry.
You are engulfed in freezing vapours.
You are engulfed in freezing vapours.
Ouch! That really hurt!
You die...

#........#.##..###########..###
#......#.#.##.#############(###
########.......................
#...#..#.############..###
#..####.#.#### #........ #.#
#....<.# ###........ #.
##.##.####.......... .
#§§.......#........ .
##§@#..#####........ #§§###.#
#........ #%h§§§# ..# #........
..h..h.§§..## #........
###........ ######### ##......#
########


You could see 3 jackals.

Vanquished Creatures
  An orc priest (D:3)
  A hound (D:4)
  An iguana (D:4)
  3 worker ants (D:4)
  Ijyb (D:4)
  8 adders
  A worm (D:3)
  5 giant geckos
  An ooze (D:4)
  7 orcs
  3 giant cockroaches
  9 hobgoblins
  4 quokkas
  3 ball pythons
  8 bats
  4 giant newts
  9 goblins
  8 kobolds
  9 rats
86 creatures vanquished.

Vanquished Creatures (collateral kills)
  A phantom (D:4)
1 creature vanquished.

Grand Total: 87 creatures vanquished

Notes
Turn   | Place    | Note
--------------------------------------------------------------
     0 | D:1      | Johnny, the Demigod Ice Elementalist, began the quest for the Orb.
     0 | D:1      | Reached XP level 1. HP: 14/14 MP: 3/3
   440 | D:1      | Reached XP level 2. HP: 22/22 MP: 2/4
   879 | D:2      | Reached XP level 3. HP: 22/27 MP: 4/8
  1009 | D:2      | Reached skill level 3 in Ice Magic
  1058 | D:2      | Reached skill level 1 in Fighting
  1411 | D:3      | HP: 1/28 [orc priest/divine providence (10)]
  1412 | D:3      | Reached XP level 4. HP: 1/35 MP: 1/11
  1708 | D:3      | Reached skill level 1 in Armour
  1942 | D:3      | Learned a level 4 spell: Summon Ice Beast
  2134 | D:4      | Noticed Ijyb
  2142 | D:4      | Reached XP level 5. HP: 12/41 MP: 8/12
  2417 | D:4      | Found a white marble altar of Elyvilon.
  2501 | D:4      | Killed Ijyb
  2556 | D:4      | Reached skill level 1 in Summonings
  2707 | D:4      | Noticed a phantom
  2744 | D:4      | HP: 1/41 [phantom (8)]
  2756 | D:4      | Killed a phantom
  2756 | D:4      | Reached XP level 6. HP: 12/48 MP: 2/15
  2949 | D:4      | Engulfed by their own freezing vapour

Action                   |  1- 3 |  4- 6 || total
-------------------------+-------+-------++-------
Melee: Dagger            |    25 |    34 ||    59
       Unarmed           |     1 |       ||     1
Throw: Tomahawk          |       |    16 ||    16
 Cast: Freeze            |    56 |    89 ||   145
       Summon Ice Beast  |       |     2 ||     2
  Use: Potion            |       |     3 ||     3
       Scroll            |       |     2 ||     2
 Stab: Sleeping          |     3 |     5 ||     8
       Distracted        |     1 |       ||     1
  Eat: Chunk             |     2 |     5 ||     7
